[Event "Team 45 45 League T47"]
[Site "Internet Chess Club"]
[Date "2011.01.08"]
[Round "9"]
[White "TerryMalloy"]
[Black "Zumbi"]
[Result "0-1"]
[WhiteElo "2000"]
[BlackElo "2099"]
[Opening "Dutch defense, Blackburne variation"]
[ECO "A81"]
[Time "22:07:51"]
[TimeControl "2700+45"]

1. d4 f5 2. g3 Nf6 3. Bg2 e6 4. Nh3 Be7 5. O-O O-O 6. c3 d5 7. Bf4 c5 8. Nd2
cxd4 9. cxd4 Nc6 10. Nf3 Qb6 11. Rb1 h6 12. Be5 g5 13. Ne1 Ng4 14. Nf3 Ngxe5 15.
Nxe5 Nxd4 16. e3 Nc6 17. Ng6 Rf7 18. Qh5 Kg7 19. Nxe7 Nxe7 20. Nxg5 hxg5 21.
Qxg5+ Kf8 22. Bf3 Bd7 23. Kg2 e5 24. h4 Rg7 25. Qh5 Kg8 26. Bd1 Be8 27. Qf3 Bc6
28. Bb3 Qxb3 29. axb3 d4 30. exd4 exd4 31. Rfe1 Bxf3+ 32. Kxf3 Nc6 33. Kf4 Rf8
34. f3 Nb4 35. Rbd1 Nd5+ 36. Ke5 Ne3 37. Rxd4 Nc2 {White resigns} 0-1

[Event "Team 45 45 League T47"]
[Site "Internet Chess Club"]
[Date "2011.01.07"]
[Round "9"]
[White "Tobiasdelmonte"]
[Black "az2112"]
[Result "1-0"]
[WhiteElo "1833"]
[BlackElo "1763"]
[Opening "QGD Slav: 5.e3 (Alekhine variation)"]
[ECO "D15"]
[Time "22:11:21"]
[TimeControl "2700+45"]

1. d4 d5 2. c4 c6 3. Nf3 Nf6 4. Nc3 dxc4 5. e3 b5 6. a4 b4 7. Na2 e6 8. Bxc4 a5
9. O-O Nbd7 10. b3 Be7 11. Qe2 O-O 12. Bb2 Bb7 13. Rfd1 Qc7 14. Nc1 Nb6 15. Bd3
Nbd5 16. Qd2 Rfd8 17. Ne2 c5 18. Rac1 Rac8 19. dxc5 Bxc5 20. Be5 Qb6 21. h3 Nxe3
22. Rxc5 Nxd1 23. Rxc8 Qxf2+ 24. Kh2 Rxc8 25. Bd4 Qf1 26. Ng3 {Black resigns}
1-0

[Event "Team 45 45 League T47"]
[Site "Internet Chess Club"]
[Date "2011.01.07"]
[Round "9"]
[White "Tamarin"]
[Black "powerchess1"]
[Result "1/2-1/2"]
[WhiteElo "1758"]
[BlackElo "1724"]
[Opening "Dutch defense, Rubinstein variation"]
[ECO "A40"]
[Time "19:03:38"]
[TimeControl "2700+45"]

1. d4 e6 2. c4 f5 3. Nc3 Nf6 4. f3 Bb4 5. Bd2 b6 6. a3 Bxc3 7. Bxc3 Bb7 8. e3
O-O 9. Bd3 d6 10. Ne2 Nbd7 11. Qc2 c5 12. O-O-O d5 13. Rhf1 dxc4 14. Bxc4 Bd5
15. Bxd5 Nxd5 16. Bd2 cxd4 17. exd4 Rc8 18. Nc3 b5 19. Kb1 N7b6 20. Qd3 Nxc3+
21. Bxc3 Nd5 22. Rc1 Qb6 23. Bd2 a5 24. Rxc8 Rxc8 25. Rc1 Rxc1+ 26. Bxc1 a4 27.
Be3 Kf7 28. g4 g6 29. Bf2 Qc6 30. Qd2 f4 31. Qc2 Qc4 32. Qxc4 bxc4 33. Kc2 g5
34. Be1 Ke7 35. h4 gxh4 36. Bxh4+ Kd6 37. Bf2 e5 38. Kd2 exd4 39. Bxd4 Ke6 {Game
drawn by mutual agreement} 1/2-1/2

[Event "Team 45 45 League T47"]
[Site "Internet Chess Club"]
[Date "2011.01.08"]
[Round "9"]
[White "tourettes"]
[Black "Schack"]
[Result "0-1"]
[WhiteElo "1477"]
[BlackElo "1700"]
[Opening "Ruy Lopez: Berlin defense"]
[ECO "C65"]
[Time "15:02:55"]
[TimeControl "2700+45"]

1. e4 e5 2. Nf3 Nc6 3. Bb5 Nf6 4. d3 Bc5 5. Bxc6 dxc6 6. h3 h6 7. O-O Qe7 8.
Nbd2 O-O 9. c3 Bd6 10. Nc4 Nd7 11. Re1 c5 12. Ne3 Nf6 13. Nf5 Bxf5 14. exf5 Rfe8
15. Nxe5 Bxe5 16. f4 Bd4+ 17. Kf1 Qxe1+ 18. Qxe1 Rxe1+ 19. Kxe1 Re8+ 20. Kf1 Be3
21. g3 Nd5 22. Kg2 Kf8 23. a3 Bxc1 24. Rxc1 Re2+ 25. Kf3 Rxb2 26. c4 Ne7 27. Ke4
Rb3 28. Ra1 Ke8 29. a4 Kd7 30. g4 Kd6 31. h4 Rb2 32. Rg1 Re2+ 33. Kf3 Rh2 34. h5
f6 35. Rb1 b6 36. a5 Nc6 37. axb6 cxb6 38. Kg3 Rd2 39. Rb3 Nb4 40. Ra3 Rxd3+ 41.
Rxd3+ Nxd3 42. Kh4 Nxf4 {White resigns} 0-1

[Event "Team 45 45 League T47"]
[Site "Internet Chess Club"]
[Date "2011.01.09"]
[Round "9"]
[White "bondguy01"]
[Black "VietLion"]
[Result "0-1"]
[WhiteElo "1711"]
[BlackElo "1910"]
[Opening "English opening"]
[ECO "A20"]
[Time "16:00:07"]
[TimeControl "2700+45"]

1. c4 e5 2. g3 c6 3. d4 exd4 4. Qxd4 Nf6 5. Bg2 Bb4+ 6. Bd2 Bxd2+ 7. Nxd2 O-O 8.
Ngf3 Na6 9. O-O Re8 10. Rfe1 d5 11. cxd5 Qxd5 12. Qc3 Qh5 13. Rad1 Be6 14. e4
Rad8 15. b3 Bh3 16. a3 Bxg2 17. Kxg2 Nc7 18. Qc2 Ne6 19. Nc4 Nf4+ 20. gxf4 Qg4+
21. Kf1 Qxf3 22. Nd2 Qxf4 23. Kg1 Re5 24. Nf1 Rf8 25. Qd2 Qg4+ 26. Ng3 h5 27.
Qe2 Qxe2 28. Rxe2 h4 29. f4 Rb5 30. Nf5 Rxb3 31. Nxh4 Rxa3 32. Nf5 g6 33. Nd6
Rb3 34. Ra1 a6 35. Kg2 Rd8 36. e5 Nd5 37. Rf2 Ne3+ 38. Kg1 Nf5 39. Ne4 Kg7 40.
Ng5 Rbd3 41. Re1 Rd1 42. Rxd1 Rxd1+ 43. Rf1 Rxf1+ 44. Kxf1 b5 45. Ne4 a5 46. Ke2
a4 47. Kd2 Kf8 48. Kc3 Ke7 49. Kb4 Kd7 50. Ng5 c5+ 51. Kxc5 a3 52. Ne4 a2 {White
resigns} 0-1

[Event "Team 45 45 League T47"]
[Site "Internet Chess Club"]
[Date "2011.01.09"]
[Round "9"]
[White "subterfuge"]
[Black "Portola"]
[Result "1-0"]
[WhiteElo "1822"]
[BlackElo "1781"]
[Opening "QGD: classical variation (5.Bf4)"]
[ECO "D37"]
[Time "20:00:08"]
[TimeControl "2700+45"]

1. d4 d5 2. c4 e6 3. Nf3 Nf6 4. Nc3 Be7 5. Bf4 O-O 6. e3 a6 7. Qc2 Nc6 8. a3 Bd7
9. Bd3 h6 10. h3 Rc8 11. b4 dxc4 12. Bxc4 b5 13. Bd3 Bd6 14. Ne5 Bxe5 15. dxe5
Nd5 16. Bg3 Qg5 17. Ne4 Qe7 18. O-O Nb6 19. f4 Nd5 20. Qf2 Nd8 21. Rad1 f5 22.
exf6 gxf6 23. Bb1 f5 24. Nc5 Be8 25. Rd3 Nf6 26. Bh4 Qg7 27. Ba2 Nd5 28. Bxd8
Bf7 29. Bh4 c6 30. e4 Nc7 31. exf5 exf5 32. Rg3 {Black resigns} 1-0

[Event "Team 45 45 League T47"]
[Site "Internet Chess Club"]
[Date "2011.01.09"]
[Round "9"]
[White "Lionskins"]
[Black "John3v16"]
[Result "0-1"]
[WhiteElo "1619"]
[BlackElo "1736"]
[Opening "English: symmetrical, four knights system"]
[ECO "A30"]
[Time "14:06:11"]
[TimeControl "2700+45"]

1. Nf3 Nf6 2. c4 c5 3. Nc3 Nc6 4. a3 d5 5. cxd5 Nxd5 6. Ne4 e5 7. Qc2 f5 8. Nxc5
e4 9. Nxe4 fxe4 10. Qxe4+ Nde7 11. e3 Bf5 12. Qa4 g6 13. Bc4 Bg7 14. Ng5 Nd5 15.
Qb5 Qxg5 16. Qxd5 Qe7 17. O-O Rd8 18. Qb5 a6 19. Qb3 b5 20. Bd5 Na5 21. Qa2 Bd3
22. Re1 Rf8 23. f3 Qg5 24. Be4 Bc4 25. Qb1 Nb3 26. Bc6+ Ke7 27. Qe4+ Qe5 28.
Qxe5+ Bxe5 29. d4 Nxa1 30. Bd2 Nc2 31. Rc1 Nxd4 32. Bb4+ Kf7 33. exd4 Bxd4+ 34.
Kh1 Bxb2 35. Re1 Rh8 36. Re7+ Kf6 37. Re1 Rd3 38. Be7+ Kg7 39. a4 Rc8 40. axb5
Bxb5 41. Bxb5 axb5 {White resigns} 0-1

[Event "Team 45 45 League T47"]
[Site "Internet Chess Club"]
[Date "2011.01.09"]
[Round "9"]
[White "chiiwen"]
[Black "pestka"]
[Result "0-1"]
[WhiteElo "2185"]
[BlackElo "2308"]
[Opening "Sicilian defense"]
[ECO "B30"]
[Time "15:06:14"]
[TimeControl "2700+45"]

1. e4 c5 2. Nf3 Nc6 3. Nc3 e5 4. Bc4 d6 5. h3 Be7 6. d3 Nf6 7. Be3 O-O 8. O-O a6
9. a4 Rb8 10. Nd2 Be6 11. Re1 Re8 12. b3 Nd4 13. Bxe6 fxe6 14. f4 Nd7 15. fxe5
Nxe5 16. Ne2 Bg5 17. Bxg5 Qxg5 18. Nxd4 cxd4 19. Nf3 Nxf3+ 20. Qxf3 Rf8 21. Qe2
Rbc8 22. Rad1 Rf6 23. Qd2 Qg3 24. Re2 Rcf8 25. Qe1 Qxe1+ 26. Rdxe1 R6f7 27. Rd2
e5 28. g3 Rf3 29. Kg2 R8f6 30. Ree2 Rf1 31. Rf2 Rc1 32. Rxf6 gxf6 33. Rf2 Kf7
34. g4 Kg6 35. Kg3 Rg1+ 36. Kh2 Rc1 37. Kg3 a5 38. h4 h6 39. h5+ Kf7 40. Kg2 Ke6
41. Kh2 Ke7 42. Kg2 Kf7 43. Kh2 Ke6 44. Kg2 Re1 45. Rf1 Re2+ 46. Rf2 Re1 47. Rf1
Rxf1 48. Kxf1 d5 49. Ke2 Kd6 50. Kd2 Kc5 51. Ke2 Kb4 52. Kd2 b6 53. exd5 Kc5 54.
Ke2 Kxd5 55. Kf3 e4+ 56. Kf4 e3 57. Kf3 Kc5 {White resigns} 0-1

[Event "Team 45 45 League T47"]
[Site "Internet Chess Club"]
[Date "2011.01.09"]
[Round "9"]
[White "eurander"]
[Black "Zumbi"]
[Result "1/2-1/2"]
[WhiteElo "2203"]
[BlackElo "2104"]
[Opening "Sicilian: Alapin's variation (2.c3)"]
[ECO "B22"]
[Time "15:14:13"]
[TimeControl "2700+45"]

1. e4 c5 2. c3 Nf6 3. e5 Nd5 4. d4 cxd4 5. cxd4 d6 6. Nf3 Nc6 7. Bc4 Nb6 8. Bb5
dxe5 9. Nxe5 Bd7 10. Nxd7 Qxd7 11. Nc3 Rd8 12. O-O e6 13. a4 a6 14. Bxc6 Qxc6
15. Bg5 f6 16. Be3 Be7 17. Qh5+ g6 18. Qh6 Kf7 19. Rfc1 Nd5 20. Nxd5 Qxd5 21. g3
Rd7 22. Rc3 Bf8 23. Qh3 Bb4 24. Rc2 Qf5 25. Qxf5 gxf5 26. Rac1 Ba5 27. Rc4 Rhd8
28. b4 Bb6 29. d5 Bxe3 30. dxe6+ Kxe6 31. fxe3 Rd1+ 32. Rxd1 Rxd1+ 33. Kf2 b5
34. axb5 axb5 35. Rc5 Rd5 36. Rc7 Rd2+ 37. Kf3 Rxh2 38. Rb7 h5 39. Rb6+ Kf7 40.
Rxb5 h4 41. gxh4 Rxh4 42. Rb6 Re4 43. b5 Rb4 44. Rb8 Ke7 45. b6 Kd7 46. b7 Kc7
47. Rf8 Rxb7 48. Rxf6 Rb5 49. Kf4 Kd7 50. Rxf5 Rb4+ 51. Ke5 Ke7 52. Rf1 Rb5+ 53.
Kf4 Ke6 54. e4 Rb8 55. Ra1 Rf8+ 56. Ke3 Rd8 57. Ra6+ Rd6 58. Ra8 Rd1 59. Re8+
Kd7 60. Re5 Kd6 61. Rh5 Ke6 62. Rh8 Re1+ 63. Kd3 Rd1+ 64. Ke2 Rd4 65. Re8+ Kd7
66. Ke3 Kxe8 67. Kxd4 Kd8 68. Kc4 Ke7 69. Kd5 Kd7 70. Ke5 {Game drawn by mutual
agreement} 1/2-1/2

[Event "Team 45 45 League T47"]
[Site "Internet Chess Club"]
[Date "2011.01.08"]
[Round "9"]
[White "AronT"]
[Black "mitus"]
[Result "1-0"]
[WhiteElo "2049"]
[BlackElo "1757"]
[Opening "Nimzo-Indian: classical, Noa variation, 5.cd ed"]
[ECO "E35"]
[Time "06:40:36"]
[TimeControl "2700+45"]

1. d4 Nf6 2. c4 e6 3. Nc3 Bb4 4. Qc2 d5 5. cxd5 exd5 6. Bg5 Nc6 7. e3 h6 8. Bh4
g5 9. Bg3 Ne4 10. Bd3 Bf5 11. Ne2 Nxg3 12. Nxg3 Bxd3 13. Qxd3 Bxc3+ 14. bxc3 Ne7
15. Nf5 Qd7 16. Ng7+ Kf8 17. Nh5 f5 18. O-O-O Kf7 19. h4 a5 20. hxg5 hxg5 21.
Ng3 Kg6 22. f3 Qd6 23. Ne2 Qa3+ 24. Kb1 Kf6 25. e4 Ra6 26. Qc2 Rb6+ 27. Ka1 Rxh1
28. Rxh1 Kg7 29. Rh5 Rh6 30. Rxh6 Kxh6 31. exf5 Kg7 32. g4 b5 33. Qc1 Qxc1+ 34.
Nxc1 Kf6 35. Nd3 Nc6 36. Kb2 Nd8 37. a4 bxa4 38. Ka3 Nb7 39. Kxa4 c6 40. Nc5 Nd6
41. Kxa5 Nc4+ 42. Ka6 Ne3 43. Kb6 Nd1 44. Na4 {Black resigns} 1-0

[Event "Team 45 45 League T47"]
[Site "Internet Chess Club"]
[Date "2011.01.08"]
[Round "9"]
[White "vollmerj"]
[Black "Tobiasdelmonte"]
[Result "0-1"]
[WhiteElo "1729"]
[BlackElo "1812"]
[Opening "Alekhine's defense: Scandinavian variation"]
[ECO "B02"]
[Time "10:05:43"]
[TimeControl "2700+45"]

1. e4 Nf6 2. Nc3 d5 3. exd5 Nxd5 4. Nxd5 Qxd5 5. Qf3 c6 6. c4 Qd6 7. Ne2 g6 8.
Nc3 Bg7 9. Ne4 Qe5 10. Qe3 O-O 11. Ng3 Qd6 12. Qd3 Qc7 13. Qe2 Na6 14. Rb1 Nb4
15. a3 Nc2+ 16. Kd1 Nd4 17. Qe3 c5 18. b3 h5 19. Bb2 h4 20. Ne2 Bf5 21. d3 e5
22. Nxd4 exd4 23. Qg5 Rfe8 24. Bc1 h3 25. gxh3 Qe5 26. Bd2 Qe6 27. Qg3 Rab8 28.
Kc2 b5 29. Re1 Qb6 30. Rxe8+ Rxe8 31. Bg2 bxc4 32. bxc4 Rb8 33. Kd1 Qb3+ 34. Ke1
Bxd3 35. f4 Re8+ 36. Kf2 Re2+ {White resigns} 0-1

[Event "Team 45 45 League T47"]
[Site "Internet Chess Club"]
[Date "2011.01.09"]
[Round "9"]
[White "Terte"]
[Black "cacheboy"]
[Result "1/2-1/2"]
[WhiteElo "2075"]
[BlackElo "2191"]
[Opening "Sicilian: Alapin's variation (2.c3)"]
[ECO "B22"]
[Time "08:07:13"]
[TimeControl "2700+45"]

1. e4 c5 2. c3 g6 3. d4 cxd4 4. cxd4 d5 5. e5 Bg7 6. Nc3 Nc6 7. Bb5 f6 8. exf6
exf6 9. Nge2 Be6 10. O-O Ne7 11. Nf4 Bf7 12. Bxc6+ bxc6 13. Na4 O-O 14. b3 Re8
15. Bb2 Nf5 16. Nc5 Re7 17. Re1 Qd6 18. Rxe7 Qxe7 19. Qe1 Re8 20. Qa5 Qd6 21.
Nfd3 Qb8 22. Re1 Rxe1+ 23. Qxe1 Qe8 24. Kf1 Qxe1+ 25. Kxe1 Nh4 26. Kf1 Bf8 27.
Bc3 Be8 28. g3 Nf5 29. Ke2 h5 30. h3 Nd6 31. f3 Nb5 32. Bb2 Kf7 33. a4 Nc7 34.
Bc3 Bd6 35. Kf2 Ne6 36. Nxe6 Kxe6 37. Bb4 Bc7 38. Bc5 a5 39. b4 Bd7 40. bxa5
Bxa5 41. Ba3 Kf7 42. g4 Bc8 43. Nc5 hxg4 44. hxg4 g5 45. Bc1 f5 46. gxf5 Kf6 47.
Ke3 Kxf5 48. Bd2 Bc7 49. a5 Bd6 50. Bb4 Bf4+ 51. Kf2 Bd6 52. Nd3 Bc7 53. Nc5 Bb8
54. Ke3 Bd6 55. Nd3 Bc7 56. Nc5 Bd6 57. Nd3 Bc7 {Game drawn by mutual agreement}
1/2-1/2

[Event "Team 45 45 League T47"]
[Site "Internet Chess Club"]
[Date "2011.01.08"]
[Round "9"]
[White "BlackHorse"]
[Black "BadHabitMarco"]
[Result "0-1"]
[WhiteElo "1893"]
[BlackElo "2118"]
[Opening "Budapest defense"]
[ECO "A52"]
[Time "11:00:19"]
[TimeControl "2700+45"]

1. d4 Nf6 2. c4 e5 3. dxe5 Ng4 4. e3 Nxe5 5. Nc3 Nbc6 6. f4 Ng6 7. Bd3 Bb4 8.
Bd2 O-O 9. Qh5 d6 10. O-O-O Be6 11. Kb1 a5 12. a3 Bxc3 13. Bxc3 Bd7 14. g4 Qe8
15. f5 Nce5 16. Bxe5 Nxe5 17. f6 h6 18. fxg7 Kxg7 19. g5 Nxd3 20. gxh6+ Kh7 21.
Nf3 Nf2 22. Ng5+ Kh8 23. Qf3 Qe5 24. Rd5 Bc6 25. Rg1 Bxd5 26. cxd5 f6 27. Ne6
Ne4 28. Qd1 Rg8 29. Rg7 Rxg7 30. hxg7+ Kg8 31. Qg4 Ng5 32. Nxc7 Rd8 33. Ka2 Qxe3
34. h4 Qe4 35. Qh5 Qh7 36. Qg4 Nf7 37. Qe6 Qxg7 38. Qe7 Qg6 39. Ne6 Rc8 40. Qxb7
Qc2 41. Qe7 Qc4+ 42. Kb1 Qxd5 43. Qxf6 Qe4+ 44. Ka2 Qg4 45. h5 Rc1 46. Nd4 Rd1
47. Nf5 Qc4+ 48. b3 Qc2+ {White resigns} 0-1

[Event "Team 45 45 League T47"]
[Site "Internet Chess Club"]
[Date "2011.01.10"]
[Round "9"]
[White "nightly"]
[Black "Phosphorus"]
[Result "0-1"]
[WhiteElo "1771"]
[BlackElo "2125"]
[Opening "Queen's pawn game"]
[ECO "D02"]
[Time "14:05:08"]
[TimeControl "2700+45"]

1. Nf3 d5 2. d4 e6 3. c4 c6 4. Qc2 f5 5. g3 Nf6 6. Bg2 Bd6 7. b3 Qe7 8. a4 a5 9.
Ba3 Bxa3 10. Nxa3 O-O 11. O-O b6 12. Ne5 Bb7 13. Nb1 Na6 14. Nd2 Rac8 15. Rac1
Rfd8 16. Qb2 c5 17. cxd5 exd5 18. e3 Nb4 19. Rfd1 Ba6 20. Bf1 Bxf1 21. Kxf1 Ne4
22. Ndf3 g5 23. Nd3 Nxd3 24. Rxd3 Qe6 25. dxc5 bxc5 26. Rcd1 g4 27. Qe5 Kf7 28.
Qxe6+ Kxe6 29. Nh4 Ke5 30. f3 Nf6 31. Ke2 Rd6 32. Ng2 Rcd8 33. Nf4 c4 34. bxc4
dxc4 35. Rxd6 Rxd6 36. Rc1 gxf3+ 37. Kxf3 Ne4 38. Rc2 c3 39. Ke2 Rd2+ 40. Rxd2
cxd2 41. Nd3+ Kd5 42. h3 Kc4 43. g4 fxg4 44. hxg4 d1=Q+ 45. Kxd1 Kxd3 {White
resigns} 0-1

[Event "Team 45 45 League T47"]
[Site "Internet Chess Club"]
[Date "2011.01.08"]
[Round "9"]
[White "eSeM"]
[Black "koni"]
[Result "1/2-1/2"]
[WhiteElo "1936"]
[BlackElo "1899"]
[Opening "Pirc: classical system, 5.Be2"]
[ECO "B08"]
[Time "09:02:22"]
[TimeControl "2700+45"]

1. e4 d6 2. d4 Nf6 3. Nc3 g6 4. Nf3 Bg7 5. Be2 O-O 6. O-O Bg4 7. h3 Bxf3 8. Bxf3
e5 9. d5 Nbd7 10. Qe2 Ne8 11. Qb5 Rb8 12. Be3 b6 13. Rfe1 f5 14. exf5 gxf5 15.
Bd2 Nc5 16. b4 Nd7 17. Be2 Nef6 18. Qa4 {Game drawn by mutual agreement} 1/2-1/2

[Event "Team 45 45 League T47"]
[Site "Internet Chess Club"]
[Date "2011.01.08"]
[Round "9"]
[White "randallsr"]
[Black "misuc56"]
[Result "1-0"]
[WhiteElo "1786"]
[BlackElo "1820"]
[Opening "English opening: Agincourt variation"]
[ECO "A13"]
[Time "09:00:08"]
[TimeControl "2700+45"]

1. Nf3 d5 2. c4 e6 3. cxd5 exd5 4. b3 f5 5. Bb2 Nf6 6. g3 c6 7. Bg2 Bd6 8. Be5
O-O 9. Bxd6 Qxd6 10. d4 Nbd7 11. O-O h6 12. Qc1 Ne4 13. Nfd2 Ndf6 14. f3 Ng5 15.
f4 Nge4 16. Nxe4 fxe4 17. e3 Rf7 18. Qc5 Qxc5 19. dxc5 a5 20. Nc3 g6 21. Na4 Be6
22. h3 Rd8 23. Rad1 Ne8 24. Kh2 Rdd7 25. Nb6 Rc7 26. Rd4 Nf6 27. Ra4 Nd7 28.
Rxa5 Nxb6 29. cxb6 Rc8 30. Rc5 Ra8 31. a4 g5 32. a5 gxf4 33. Rxf4 Rxf4 34. gxf4
Kf8 35. b4 Ke7 36. Bf1 Rb8 37. Rc2 Rd8 38. b5 Kd6 39. bxc6 bxc6 40. a6 Bc8 41.
b7 Bxb7 42. axb7 Rb8 43. Ba6 c5 44. f5 d4 45. exd4 e3 46. Rxc5 e2 47. Re5 Kc7
48. Rxe2 Rd8 49. Rc2+ Kb6 50. Rc8 {Black resigns} 1-0

[Event "Team 45 45 League T47"]
[Site "Internet Chess Club"]
[Date "2011.01.10"]
[Round "9"]
[White "Packerfan"]
[Black "Signalman"]
[Result "1/2-1/2"]
[WhiteElo "1778"]
[BlackElo "1609"]
[Opening "Pirc defense"]
[ECO "B07"]
[Time "14:07:29"]
[TimeControl "2700+45"]

1. e4 d6 2. d4 Nf6 3. Nc3 Nbd7 4. f4 e5 5. Nf3 exd4 6. Qxd4 c6 7. Bd2 Qb6 8.
O-O-O Qxd4 9. Nxd4 g6 10. Nf3 Bh6 11. h3 O-O 12. e5 {Game drawn by mutual
agreement} 1/2-1/2

[Event "Team 45 45 League T47"]
[Site "Internet Chess Club"]
[Date "2011.01.08"]
[Round "9"]
[White "werty"]
[Black "xt"]
[Result "0-1"]
[WhiteElo "1508"]
[BlackElo "1494"]
[Opening "Queen's pawn game"]
[ECO "D04"]
[Time "14:32:14"]
[TimeControl "2700+45"]

1. d4 d5 2. Nf3 Nf6 3. e3 Bf5 4. c4 e6 5. Nc3 c6 6. Bd3 Bg6 7. cxd5 exd5 8. Qc2
Nbd7 9. Bd2 Bd6 10. h3 Bxd3 11. Qxd3 Rc8 12. O-O O-O 13. a3 c5 14. Rfc1 a6 15.
Rc2 c4 16. Qe2 b5 17. e4 dxe4 18. Nxe4 Re8 19. Nxf6+ Nxf6 20. Qf1 Ne4 21. Re1
Qf6 22. Bc3 Nxc3 23. Rxc3 Qf4 24. Rce3 Kf8 25. Rxe8+ Rxe8 26. Rxe8+ Kxe8 27.
Qe1+ Kd7 28. Qe3 Qxe3 29. fxe3 f6 30. Kf2 Kc6 31. Ke2 Kd5 32. Nd2 a5 33. Nb1 b4
34. a4 Bg3 35. Kf3 Be1 36. Ke2 Bg3 37. Kf3 Be1 38. Ke2 Bh4 39. Kf3 f5 40. g3 Be7
41. h4 Bd6 42. Kf2 Ke4 {White resigns} 0-1

[Event "Team 45 45 League T47"]
[Site "Internet Chess Club"]
[Date "2011.01.09"]
[Round "9"]
[White "CKNIGHT3"]
[Black "rahulr"]
[Result "1-0"]
[WhiteElo "1592"]
[BlackElo "1572"]
[Opening "King's Indian: Sämisch, 5...O-O"]
[ECO "E81"]
[Time "19:01:08"]
[TimeControl "2700+45"]

1. d4 Nf6 2. c4 g6 3. Nc3 Bg7 4. e4 d6 5. f3 O-O 6. Be3 Nbd7 7. Qd2 c5 8. d5 Ne5
9. O-O-O a6 10. g4 Nfd7 11. h4 Nb6 12. b3 f5 13. gxf5 gxf5 14. Bh3 Nexc4 15.
bxc4 Nxc4 16. Qd3 b5 17. Nge2 Qa5 18. a4 Qb4 19. Rdg1 Qb2+ 20. Kd1 Qa1+ 21. Kc2
Na3+ 22. Kd2 Qb2+ 23. Ke1 Nc2+ 24. Kf2 fxe4 25. Qxe4 Rf7 26. Rb1 Qa3 27. Qxc2
Bf6 28. Bxc8 Rxc8 29. Rb3 Bxh4+ 30. Ng3 Rcf8 31. f4 Bxg3+ 32. Kxg3 Rg7+ 33. Kf3
e5 34. Rxa3 exf4 35. Bxf4 Rgf7 36. Ne2 b4 37. Raa1 b3 38. Rag1+ Kh8 39. Qb2+ Rf6
40. Rg6 c4 41. Rxf6 c3 42. Qxc3 Kg8 43. Rg1+ Kh8 44. Rxf8# {Black checkmated}
1-0

[Event "Team 45 45 League T47"]
[Site "Internet Chess Club"]
[Date "2011.01.09"]
[Round "9"]
[White "gerailen0075"]
[Black "mitus"]
[Result "0-1"]
[WhiteElo "1885"]
[BlackElo "1780"]
[Opening "Ruy Lopez: exchange variation, Alapin gambit"]
[ECO "C68"]
[Time "13:30:34"]
[TimeControl "2700+45"]

1. e4 e5 2. Nf3 Nc6 3. Bb5 a6 4. Bxc6 dxc6 5. O-O Bg4 6. h3 h5 7. d3 Qf6 8. Nbd2
Be6 9. Re1 Bd6 10. Nf1 Ne7 11. d4 Qg6 12. dxe5 Bc5 13. Nh4 Qh7 14. c3 Rg8 15.
Ng3 g5 16. Nxh5 Kf8 17. Nf6 Qxh4 18. Be3 Bxe3 19. Rxe3 Rh8 20. Nd7+ Kg7 21. Nc5
Rad8 22. Qf3 Qf4 {White resigns} 0-1

[Event "Team 45 45 League T47"]
[Site "Internet Chess Club"]
[Date "2011.01.11"]
[Round "9"]
[White "clarinetref"]
[Black "ILRE"]
[Result "0-1"]
[WhiteElo "1664"]
[BlackElo "1615"]
[Opening "Réti: King's Indian attack"]
[ECO "A05"]
[Time "10:07:24"]
[TimeControl "2700+45"]

1. Nf3 Nf6 2. g3 g6 3. Bg2 Bg7 4. d3 d6 5. e4 e5 6. O-O O-O 7. h3 Nc6 8. c3 Nd7
9. Be3 f5 10. Qb3+ Kh8 11. Ng5 Qe7 12. Ne6 Rf7 13. Nxc7 Rb8 14. Nd5 Qf8 15. Nd2
f4 16. gxf4 exf4 17. Bd4 Nxd4 18. cxd4 Bxd4 19. Nf3 Bg7 20. Ng5 f3 21. Nxf7+
Qxf7 22. Bh1 Nc5 23. Qd1 Bxh3 24. Bxf3 Bxf1 25. Kxf1 Rf8 26. Kg2 Bh6 27. b4 Ne6
28. Qe2 Nd4 29. Qb2 Qxf3+ 30. Kg1 Bg7 31. Qd2 Ne2+ {White resigns} 0-1

[Event "Team 45 45 League T47"]
[Site "Internet Chess Club"]
[Date "2011.01.10"]
[Round "9"]
[White "Helaman"]
[Black "PostMike"]
[Result "1/2-1/2"]
[WhiteElo "1438"]
[BlackElo "1489"]
[Opening "Sicilian: Nimzovich-Rossolimo attack (without ...d6)"]
[ECO "B30"]
[Time "14:30:05"]
[TimeControl "2700+45"]

1. e4 c5 2. Nf3 Nc6 3. Bb5 e6 4. Bxc6 bxc6 5. b3 Nf6 6. e5 Nd5 7. Bb2 a5 8. c4
Nf4 9. O-O Be7 10. Qc2 O-O 11. Nc3 f5 12. Ba3 d5 13. exd6 Bxd6 14. Rfe1 Qf6 15.
d4 Qg6 16. g3 Qg4 17. Nh4 {Game drawn by mutual agreement} 1/2-1/2

[Event "Team 45 45 League T47"]
[Site "Internet Chess Club"]
[Date "2011.01.07"]
[Round "9"]
[White "tryanything"]
[Black "BrandonBee"]
[Result "1/2-1/2"]
[WhiteElo "1601"]
[BlackElo "1611"]
[Opening "Dutch with c4 & Nc3"]
[ECO "A85"]
[Time "15:37:40"]
[TimeControl "2700+45"]

1. d4 f5 2. c4 Nf6 3. Nc3 g6 4. Nf3 Bg7 5. Qc2 d6 6. e4 fxe4 7. Nxe4 Bf5 8. Bd3
Nxe4 9. Bxe4 O-O 10. Be3 c6 11. Nh4 e6 12. Nxf5 exf5 13. Bf3 Qa5+ 14. Bd2 Re8+
15. Be2 Qc7 16. Bc3 Qe7 17. Kf1 Nd7 18. Re1 Qf7 19. h4 Nf6 20. g3 Ne4 21. Kg2
Nxc3 22. bxc3 Re7 23. Qd2 Rae8 24. Bd3 Qf8 25. Rxe7 Rxe7 26. Re1 Qe8 27. Rxe7
Qxe7 28. f4 b6 29. Kf3 Kf7 30. Qe3 {Game drawn by mutual agreement} 1/2-1/2

[Event "Team 45 45 League T47"]
[Site "Internet Chess Club"]
[Date "2011.01.09"]
[Round "9"]
[White "baseball613"]
[Black "LeanSixSigma"]
[Result "1-0"]
[WhiteElo "1393"]
[BlackElo "1435"]
[Opening "Queen's pawn game, Chigorin variation"]
[ECO "D02"]
[Time "18:00:04"]
[TimeControl "2700+45"]

1. d4 d5 2. Nf3 Nc6 3. Bf4 Bg4 4. e3 e6 5. c4 Bb4+ 6. Nc3 Nf6 7. Qb3 Bxf3 8.
gxf3 Nh5 9. Bg3 Nxg3 10. hxg3 Qf6 11. Be2 dxc4 12. Qxc4 Qe7 13. Bd3 Na5 14. Qb5+
c6 15. Qe5 f5 16. Ke2 Bxc3 17. bxc3 b5 18. Bxb5 cxb5 19. Qxb5+ Qd7 20. Qxa5 Rb8
21. Rab1 Rxb1 22. Rxb1 O-O 23. Qa6 Qc8 24. Qxc8 Rxc8 25. Kd3 Rc7 26. Rb8+ Kf7
27. c4 Rd7 28. e4 fxe4+ 29. fxe4 e5 30. d5 Kf6 31. c5 Kg6 32. Kc4 Rf7 33. Rb2 h5
34. d6 Kf6 35. Kd5 g5 36. Rb3 Kg6 37. Kxe5 Rxf2 38. d7 Rf8 39. Rd3 Rd8 40. c6 h4
41. gxh4 gxh4 42. c7 {Black resigns} 1-0

[Event "Team 45 45 League T47"]
[Site "Internet Chess Club"]
[Date "2011.01.09"]
[Round "9"]
[White "jjaillet2007"]
[Black "wildcat2023"]
[Result "1-0"]
[WhiteElo "1318"]
[BlackElo "1189"]
[Opening "QGD: 4.Bg5 Be7"]
[ECO "D53"]
[Time "16:01:17"]
[TimeControl "2700+45"]

1. d4 d5 2. c4 e6 3. Nc3 Nf6 4. Bg5 Be7 5. cxd5 Nxd5 6. Bxe7 Qxe7 7. e4 Nxc3 8.
bxc3 Nc6 9. Bb5 Rb8 10. Bxc6+ bxc6 11. Rb1 Rxb1 12. Qxb1 O-O 13. Nf3 c5 14. O-O
Ba6 15. Re1 cxd4 16. cxd4 c5 17. d5 exd5 18. exd5 Qd6 19. Ng5 g6 20. Qe4 Bb7 21.
Qh4 h5 22. Ne4 Re8 23. Nf6+ Kf8 24. Rxe8+ Kg7 25. Ne4 Qxd5 26. Qf6+ Kh7 27. Qh8#
{Black checkmated} 1-0

[Event "Team 45 45 League T47"]
[Site "Internet Chess Club"]
[Date "2011.01.08"]
[Round "9"]
[White "iceface"]
[Black "anatolybcn"]
[Result "1-0"]
[WhiteElo "1294"]
[BlackElo "1228"]
[Opening "Sicilian"]
[ECO "B50"]
[Time "15:00:12"]
[TimeControl "2700+45"]

1. e4 c5 2. Nf3 d6 3. Bc4 e6 4. Nc3 a6 5. a3 Nf6 6. d3 Nc6 7. Be3 e5 8. Nd5 Bg4
9. h3 Bh5 10. c3 Ne7 11. Bg5 Nexd5 12. Bxd5 Rb8 13. Qa4+ Qd7 14. Qxd7+ Nxd7 15.
Nh4 h6 16. Be3 Be7 17. Nf5 Bf8 18. O-O Bg6 19. Nh4 Be7 20. Nxg6 fxg6 21. f4 exf4
22. Bxf4 g5 23. Bg3 Rf8 24. Rxf8+ Bxf8 25. Rf1 Be7 26. Rf7 Bf8 27. Be6 h5 28.
Rxd7 h4 29. Bxd6 Bxd6 30. Rxd6 Ke7 31. Rb6 Rd8 32. Bd5 Rd7 33. Rxb7 Rxb7 34.
Bxb7 a5 35. Kf2 Kd6 36. Kf3 Ke5 37. Kg4 Kf6 38. b4 cxb4 39. cxb4 {Black resigns}
1-0